 Dungeon Crawl Stone Soup version 0.25-a0-474-ga8a2ee3166 (console) character file.

Game seed: 16361572275159314679, levelgen mode: deterministic

39439 utis the Protected (level 14, -7/92 HPs)
             Began as a Tengu Wanderer on Jan 28, 2020.
             Mangled by Donald
             ... wielding a +2 vorpal broad axe
              (33 damage)
             ... on level 2 of the Orcish Mines on Feb 6, 2020.
             The game lasted 01:12:38 (28077 turns).

utis the Protected (Tengu Wanderer)                Turns: 28077, Time: 01:12:39

Health: -7/92      AC: 20    Str: 19    XL:     14   Next: 6%
Magic:  19/19      EV: 16    Int: 13    God:
Gold:   1791       SH:  2    Dex: 12    Spells: 1/18 levels left

rFire    + + .     SeeInvis .   a - +7 demon trident (elec)
rCold    . . .     Gourm    .   (no shield)
rNeg     . . .     Faith    .   Y - +1 chain mail {rF+}
rPois    .         Spirit   .   (helmet restricted)
rElec    .         Reflect  +   X - +2 cloak {+Inv}
rCorr    .         Harm     .   O - +1 pair of gloves
MR       ++...                  (boots unavailable)
Stlth    ..........             W - +2 amulet of reflection
HPRegen  0.25/turn              f - ring of protection from fire
MPRegen  0.16/turn              M - ring of protection from magic

@: flying quickly and evasively, quick
A: beak, talons 3, able to fly
a: Stop Flying, Evoke Invisibility


You were on level 2 of the Orcish Mines.
You were not hungry.

You visited 3 branches of the dungeon, and saw 19 of its levels.

You collected 1791 gold pieces.

Inventory:

Hand Weapons
 a - a +7 demon trident of electrocution (weapon)
 b - a +2 shortbow of flaming
Missiles
 k - 14 javelins
 m - 536 stones (quivered)
 r - 7 silver javelins
 y - 282 arrows
 z - 52 poisoned darts
 A - 33 boomerangs
 K - a throwing net {=f}
 R - 5 atropa-tipped darts
 T - 4 datura-tipped darts
Armour
 O - a +1 pair of gloves (worn)
 X - a +2 cloak of invisibility (worn)
 Y - a +1 chain mail of fire resistance (worn)
Magical Staves
 L - an uncursed staff of death
Jewellery
 f - a ring of protection from fire (left hand)
 C - an uncursed ring of ice
 F - an uncursed ring of fire {=f}
 M - a ring of protection from magic (right hand)
 Q - an uncursed ring of stealth
 W - a +2 amulet of reflection (around neck)
Wands
 c - a wand of flame (23)
 e - a wand of enslavement (10)
 h - a wand of scattershot (6)
 w - a wand of paralysis (4)
 G - a wand of digging (20)
 U - a wand of polymorph (8)
 Z - a wand of random effects (29)
Scrolls
 j - 9 scrolls of remove curse {@r2}
 n - a scroll of enchant weapon
 p - 2 scrolls of magic mapping
 s - 2 scrolls of fear
 E - 2 scrolls of amnesia
 J - a scroll of fog
 P - 4 scrolls of teleportation {@r4}
Potions
 d - a potion of resistance
 g - 6 potions of brilliance
 i - 2 potions of haste {@q3}
 l - 6 potions of curing {@q1}
 o - 8 potions of might
 q - a potion of cancellation
 t - 2 potions of ambrosia
 x - 2 potions of invisibility
 D - 4 potions of agility
 H - 2 potions of flight {unknown}
 I - 3 potions of heal wounds {@q2}
 V - a potion of berserk rage {unknown}
Miscellaneous
 B - a lightning rod (2/4)
 S - a lamp of fire
Comestibles
 u - 7 chunks of flesh
 N - 39 rations {@e1}


   Skills:
 - Level 12.5 Fighting
   Level 4.9(5.4) Maces & Flails
 + Level 6.4(6.8) Polearms
 - Level 3.2(6.2) Staves
 - Level 1.0 Throwing
 - Level 14.1 Armour
 - Level 11.5 Dodging
 - Level 2.0 Stealth
 - Level 2.8 Spellcasting
 - Level 3.9 Conjurations
 - Level 1.3 Hexes
 - Level 3.0 Necromancy
 - Level 1.8 Transmutations
   Level 1.0 Earth Magic
 - Level 5.0 Evocations


You had one spell level left.
You knew the following spells:

 Your Spells              Type           Power        Failure   Level  Hunger
d - Animate Dead          Necr           N/A          99%         4    #####..
n - Pain                  Necr           #...         38%         1    #......
v - Vampiric Draining     Necr           #.........   77%         3    ###....
y - Agony                 Necr           #.......     100%        5    ######.
z - Beastly Appendage     Tmut           #.....       56%         1    #......
Y - Dazzling Flash        Conj/Hex       #.....       82%         3    ###....

Your spell library contained the following spells:

 Spells                   Type           Power        Failure   Level  Hunger
 Magic Dart               Conj           ##..         28%         1    #......
 Animate Skeleton         Necr           N/A          38%         1    #......
 Corona                   Hex            #......      63%         1    #......
 Sandblast                Erth           #.....       67%         1    #......
 Summon Small Mammal      Summ           #...         82%         1    #......
 Searing Ray              Conj           ##....       41%         2    ###....
 Slow                     Hex            #.......     77%         2    ###....
 Stone Arrow              Conj/Erth      #.....       85%         3    ###....
 Call Imp                 Summ           #.......     91%         2    ###....
 Confusing Touch          Hex            #.......     94%         3    ###....
 Inner Flame              Hex/Fire       #.......     97%         3    ###....
 Portal Projectile        Hex/Tloc       #.....       97%         3    ###....
 Summon Guardian Golem    Hex/Summ       #.......     97%         3    ###....
 Ignite Poison            Fire/Tmut/Pois #.......     98%         3    ###....
 Call Canine Familiar     Summ           #.......     99%         3    ###....
 Gell's Gravitas          Tloc           #.........   99%         3    ###....
 Fulminant Prism          Conj/Hex       #.........   99%         4    #####..
 Cause Fear               Hex            #.........   100%        4    #####..
 Iskenderun's Mystic Bla  Conj/Tloc      #.......     100%        4    #####..
 Leda's Liquefaction      Hex/Erth       #.........   100%        4    #####..
 Petrify                  Tmut/Erth      #.......     100%        4    #####..
 Summon Ice Beast         Ice/Summ       #.......     100%        4    #####..
 Summon Lightning Spire   Summ/Air       #.......     100%        4    #####..
 Metabolic Englaciation   Hex/Ice        #.........   100%        5    ######.
 Yara's Violent Unravell  Hex/Tmut       #.........   100%        5    ######.


Dungeon Overview and Level Annotations

Branches:
Dungeon (11/15)            Temple (0/1) D:6            Lair (6/6) D:9
  Swamp (0/4) Lair:2        Snake (0/4) Lair:4        Slime (0/5) Lair:6
    Orc (2/2) D:10
    Elf: Orc:2

Altars:
Elyvilon
Kikubaaqudgha
Makhleb
Nemelex Xobeh
Okawaru
Qazlal
Trog
The Shining One

Shops:
Orc:2 }*[?*=*[

Annotations:
Lair:3 3 runed translucent doors, Naannir's ghost, journeyman SpAs
Lair:5 exclusion: oklob plant
Orc:2 Donald


Innate Abilities, Weirdness & Mutations

You have a beak for a mouth.
You have claws for feet.
You can fly continuously.


Message History

Unknown command.
Evoke which item? (* to show all) (? for menu, Esc to quit)
Aiming: Thunderbolt
Press: ? - help, Shift-Dir - straight line, f/p - Donald
Aim: Donald, wielding a +2 vorpal broad axe, wearing a +0 chain mail and wearing a +0 shield (moderately wounded, fast, unusually strong)
The thunderbolt hits Donald!!
Donald is heavily wounded.
Donald hits you with a +2 vorpal broad axe!!
You impale Donald!! You claw Donald.
Donald is severely wounded.
Donald hits you but does no damage.
You hit Donald. Your kick misses Donald. You peck Donald, but do no damage.
Donald is severely wounded.
Donald hits you with a +2 vorpal broad axe!!
* * * LOW HITPOINT WARNING * * *
x2 Donald blocks your attack.
You claw Donald, but do no damage. Donald blocks your attack.
Donald is severely wounded.
Donald hits you with a +2 vorpal broad axe!!
You die...

░░░ ░.....➘➘..........
░░.░░░░....➘......░.....
░....░.➘➘....░➘.........
░░........░.............
░░░.....░░░.░░.........
░░......░░)░░░░........
░.....).░...░░...➘..<..
░░..░░@░░░........[....
░░░..Q.░░░.░░[........
░....)░░░░░░)..➘....➘
░░.░...░.░░)))......░
░░░░.░.➘.)░..░.^..░.
░░░░➘.....░░.░░░.
░░....░░░░░░.. ░░.░░░
░░. ░...░ ░░ ░░.░░


You could see Donald.

Vanquished Creatures
  2 hydras (Lair:6)
  Fannar (Lair:2)
  A centaur warrior (Orc:2)
  A catoblepas (Lair:6)
  A deep troll shaman (Lair:6)
  5 death yaks
  Urug (Orc:1)
  An orc high priest (Orc:2)
  2 orc knights (Orc:2)
  Pikel (D:7)
  An orc sorcerer (D:10)
  9 elephants
  3 black mambas
  Maurice (D:9)
  Maggie (D:6)
  9 spiny frogs
  A gargoyle (D:10)
  A kobold demonologist (D:10)
  5 komodo dragons
  2 trolls
  4 polar bears
  5 blink frogs (Lair:4)
  3 hippogriffs
  6 dream sheep (Lair:6)
  23 yaks
  A wraith (D:10)
  6 basilisks
  Eustachio (D:5)
  A hungry ghost (D:9)
  2 swamp worms (Lair:2)
  4 water moccasins
  34 orc warriors
  6 porcupines
  3 slaves (D:7)
  3 ice beasts
  A black bear (D:10)
  An eye of draining (D:10)
  2 sky beasts
  11 ogres
  A phantom (D:5)
  10 centaurs
  7 wolves
  2 big kobolds
  3 crocodiles
  11 bullfrogs
  2 scorpions
  12 killer bees
  4 wights
  A vampire bat (D:9)
  3 electric eels
  A howler monkey (D:3)
  3 crimson imps
  A quasit (D:3)
  2 hounds
  14 orc priests
  2 jellies
  A bullfrog skeleton (D:9)
  3 centaur skeletons (D:10)
  6 iguanas
  21 orc wizards
  2 hell rats (Lair:5)
  6 worker ants
  2 hound skeletons
  A worker ant zombie (D:8)
  12 adders
  A gnoll (D:1)
  2 howler monkey skeletons
  9 river rats (Lair:5)
  A shadow imp (D:7)
  12 white imps (Lair:1)
  2 oozes (D:1)
  2 worms (D:2)
  2 dart slugs
  5 leopard geckos
  67 orcs
  3 bat skeletons (D:9)
  3 bat zombies (D:9)
  7 giant cockroaches
  7 hobgoblins
  4 jackals
  14 kobolds
  2 quokkas
  A ball python (D:3)
  8 bats
  6 frilled lizards
  6 goblins
  A jackal skeleton (D:6)
  A jackal zombie (D:6)
  A quokka skeleton (D:6)
  7 rats
  A butterfly (Lair:3)
474 creatures vanquished.

Vanquished Creatures (others)
  A slave (D:7)
  A bush (Lair:5)
  3 fungi
  19 plants
  4 toadstools (D:1)
28 creatures vanquished.

Grand Total: 502 creatures vanquished

Notes
Turn   | Place    | Note
-------+----------+-------------------------------------------
     0 | D:1      | utis the Tengu Wanderer began the quest for the Orb.
     0 | D:1      | utis set off with the following items: a +2 dagger, a
                  | potion of heal wounds {@q2}, a +0 robe, a ration {@e1}; and
                  | the following spells available to memorise: Sandblast,
                  | Beastly Appendage, Stone Arrow, Ignite Poison
     0 | D:1      | Reached XP level 1. HP: 12/12 MP: 4/4
     2 | D:1      | Learned a level 1 spell: Beastly Appendage
   124 | D:1      | Reached XP level 2. HP: 13/17 MP: 4/6
   892 | D:1      | Reached skill level 1 in Transmutations
   938 | D:1      | Reached XP level 3. HP: 22/22 MP: 7/7
  1445 | D:2      | Reached XP level 4. HP: 19/27 MP: 6/8
  2804 | D:3      | Gained mutation: You can fly continuously. [Tengu growth]
  2804 | D:3      | Reached XP level 5. HP: 32/32 MP: 9/9
  3012 | D:3      | Reached skill level 1 in Armour
  3466 | D:3      | Reached skill level 2 in Armour
  3466 | D:3      | Reached XP level 6. HP: 27/38 MP: 10/10
  3767 | D:3      | Found an iron altar of Okawaru.
  4267 | D:4      | Reached skill level 3 in Armour
  4267 | D:4      | Reached XP level 7. HP: 42/44 MP: 11/11
  4312 | D:4      | Upgraded the game from 0.25-a0-435-g4b9beb1024 to
                  | 0.25-a0-474-ga8a2ee3166
  4642 | D:4      | Found a white marble altar of Elyvilon.
  5170 | D:5      | Entered Level 5 of the Dungeon
  5179 | D:4      | Reached skill level 5 in Fighting
  5179 | D:4      | Reached skill level 4 in Armour
  5179 | D:4      | Reached skill level 5 in Dodging
  5727 | D:5      | Reached XP level 8. HP: 35/50 MP: 12/12
  6004 | D:5      | Noticed Eustachio
  6021 | D:5      | Killed Eustachio
  6139 | D:5      | Reached skill level 5 in Armour
  6346 | D:6      | Found a bloodstained altar of Trog.
  6469 | D:6      | Found a staircase to the Ecumenical Temple.
  6600 | D:6      | Noticed Maggie
  6618 | D:6      | Killed Maggie
  6892 | D:6      | Reached skill level 6 in Armour
  6908 | D:6      | Reached XP level 9. HP: 29/56 MP: 13/13
  7298 | D:6      | Found a glowing golden altar of the Shining One.
  7739 | D:7      | Reached skill level 7 in Armour
  8135 | D:7      | Noticed Pikel
  8161 | D:7      | Killed Pikel
  8589 | D:7      | Got a pitted long sword
  8590 | D:7      | Identified the +11 long sword of Buomyts {vorpal, Dex+4}
                  | (You found it on level 7 of the Dungeon)
  8666 | D:7      | Reached skill level 8 in Armour
  8669 | D:7      | Reached XP level 10. HP: 61/64 MP: 14/14
  8789 | D:7      | Found a burning altar of Makhleb.
  9486 | D:8      | Learned a level 3 spell: Dazzling Flash
  9613 | D:9      | Reached skill level 1 in Conjurations
  9783 | D:9      | Found a sparkling altar of Nemelex Xobeh.
  9970 | D:9      | Found a staircase to the Lair.
 10239 | D:9      | Found a stormy altar of Qazlal.
 10275 | D:9      | Reached skill level 1 in Hexes
 10369 | D:9      | Noticed Maurice
 10398 | D:9      | Killed Maurice
 10789 | D:9      | Found an ancient bone altar of Kikubaaqudgha.
 10884 | D:9      | Reached skill level 1 in Evocations
 11132 | D:10     | Entered Level 10 of the Dungeon
 11380 | D:10     | Reached skill level 9 in Armour
 11554 | D:10     | Noticed a gargoyle
 11569 | D:10     | Reached XP level 11. HP: 71/71 MP: 13/16
 11964 | D:10     | Reached skill level 10 in Dodging
 13189 | D:10     | Found a staircase to the Orcish Mines.
 13221 | D:10     | Got a spiked ring mail
 13244 | D:10     | Identified the cursed +0 ring mail of Qudghuynat {*Corrode
                  | Int+8 Dex+4} (You found it on level 10 of the Dungeon)
 13463 | D:11     | Noticed a sixfirhy
 13655 | Lair:1   | Entered Level 1 of the Lair of Beasts
 13704 | Lair:1   | Found a frozen archway.
 14407 | Lair:1   | Reached skill level 10 in Armour
 15216 | Lair:2   | Reached skill level 10 in Fighting
 15354 | Lair:2   | Reached skill level 5 in Evocations
 16044 | Lair:2   | Noticed Fannar
 16280 | Lair:2   | Killed Fannar
 16280 | Lair:2   | Reached XP level 12. HP: 40/78 MP: 17/17
 16482 | Lair:2   | Reached skill level 11 in Armour
 16845 | Lair:2   | Found a staircase to the Swamp.
 17551 | Lair:3   | Found a runed translucent gate.
 17552 | Lair:3   | Found a runed translucent gate.
 17553 | Lair:3   | Found a runed translucent gate.
 17554 | Lair:3   | Noticed Naannir's ghost (journeyman SpAs)
 17554 | Lair:3   | Noticed a ten-headed hydra
 17555 | Lair:3   | Noticed a ten-headed hydra
 18747 | Lair:4   | Found a staircase to the Snake Pit.
 19151 | Lair:4   | Reached skill level 12 in Armour
 19861 | Lair:5   | Got a pair of smoking gloves
 19877 | Lair:5   | Identified the -2 pair of gloves "Tuept" {MR+ Slay+2} (You
                  | found it on level 5 of the Lair of Beasts)
 20309 | Lair:5   | Reached skill level 1 in Maces & Flails
 21231 | Lair:5   | Reached skill level 13 in Armour
 21258 | Lair:6   | Entered Level 6 of the Lair of Beasts
 21258 | Lair:6   | Found a staircase to the Slime Pits.
 21339 | Lair:6   | Reached XP level 13. HP: 57/86 MP: 18/18
 23180 | Lair:5   | Reached skill level 14 in Armour
 23763 | Lair:6   | Learned a level 1 spell: Pain
 23767 | Lair:6   | Learned a level 3 spell: Vampiric Draining
 23772 | Lair:6   | Learned a level 4 spell: Animate Dead
 23778 | Lair:6   | Learned a level 5 spell: Agony
 24258 | Orc:1    | Entered Level 1 of the Orcish Mines
 24317 | D:10     | Reached skill level 1 in Necromancy
 25501 | Orc:1    | Noticed Urug
 25525 | Orc:1    | Killed Urug
 25762 | Orc:2    | Entered Level 2 of the Orcish Mines
 25762 | Orc:2    | Found Xupnaby's General Store.
 25762 | Orc:2    | Found Leqatz's Antique Armour Shoppe.
 25764 | Orc:2    | Found Qoraoz's Magic Scroll Shoppe.
 25795 | Orc:1    | Reached skill level 1 in Polearms
 26940 | Orc:2    | Found Koretoyrph's Gadget Emporium.
 26967 | Orc:2    | Reached skill level 5 in Polearms
 26993 | Orc:2    | Found Caaseimy's Armour Boutique.
 27018 | Orc:2    | Reached XP level 14. HP: 52/92 MP: 19/19
 27255 | Orc:2    | Found Qoss's General Store.
 27255 | Orc:2    | Found Bilamat's Jewellery Emporium.
 27255 | Orc:2    | Found Efoveplotu's General Store.
 28053 | Orc:2    | Noticed Donald
 28077 | Orc:2    | Mangled by Donald

Levels and vault maps discovered:
D:1:      ldierk_water_garden, layout_loops_ring
D:2:      layout_loops_ring, first_ration, serial_forest,
          infiniplex_forest_corner_2, infiniplex_forest_clump_cross,
          infiniplex_forest_clump_cross, infiniplex_forest_straight_4,
          infiniplex_forest_lined_3_way, infiniplex_forest_corner_1,
          infiniplex_forest_straight_3
D:3:      layout_loops_ring, okawaru_altar_gauntlet_db
D:4:      minmay_chambers_of_threes, layout_basic, overflow_temple_1_default
D:5:      layout_loops_cross, uniq_eustachio
D:6:      layout_rooms, kennysheep_mini, nicolae_overflow_crystal_walls,
          minmay_temple_entry_offerings, serial_rivers,
          chequers_serial_rivers_micro_c, chequers_serial_rivers_micro_a,
          chequers_serial_rivers_micro_b, chequers_serial_rivers_small_b,
          chequers_serial_rivers_large_a, chequers_serial_rivers_micro_e,
          uniq_maggie
D:7:      layout_basic, makhleb_grotto_becter, uniq_pikel
D:8:      layout_basic
D:9:      layout_long_grid, lemuel_coloured_pillars_altar,
          nicolae_overflow_hidden_temple, kennysheep_vampire_church,
          david_lair_shrubbed, blue_anna_alchemist [blue_anna_fruit_fields,
          blue_anna_fruit_fields], st_stairs_9, kennysheep_generic_room_7,
          uniq_maurice
D:10:     layout_small_grid, david_orc_4, minmay_fractal_squares_diagonal_5
D:11:     layout_small_grid, grunt_ministairs_4
Lair:1:   layout_roguey, portal_ice_cave_entry_imps
Lair:2:   layout_hall_layers, minmay_swamp_entry_worms, grunt_megastairs_5,
          uniq_fannar
Lair:3:   layout_layer_cave, gammafunk_ghost_hydra_chop, lemuel_fruit_fields,
          lemuel_fruit_fields, lemuel_fruit_tree
Lair:4:   layout_regular_city, dummy_snake_entry, st_stairs_5,
          infiniplex_staircase_pool
Lair:5:   layout_loops_ring, kennysheep_rathole, serial_bayou_shore_a
Lair:6:   grunt_lair_end_beastmaster, layout_regular_city, slime_dummy,
          grunt_forest_small_clearing_treed
Orc:1:    layout_caves, uniq_urug
Orc:2:    st_orc_rangers, layout_caves, serial_shops, shop_fountains,
          nicolae_shop_overgrown_old_shop, shop, shop, nicolae_shop_crystal,
          nicolae_volcano_entry_hallway, uniq_donald

Skill      XL: |  1  2  3  4  5  6  7  8  9 10 11 12 13 14 |
---------------+-------------------------------------------+-----
Dodging        | 2 3 4 5 7 8 9 10 11 | 11.5
Transmutations | 1 |  1.8
Fighting       | 3 4 5 6 8 9 10 12 | 12.5
Armour         | 2 3 4 6 8 9 10 13 14 | 14.1
Conjurations   | 3 |  3.9
Hexes          | 1 |  1.3
Evocations     | 2 5 |  5.0
Maces & Flails | 3 4 |  4.9
Necromancy     | 3 |  3.0
Staves         | 3 |  3.2
Polearms       | 5 6 |  6.4
Throwing       | |  1.0
Stealth        | |  2.0
Spellcasting   | |  2.8
Earth Magic    | |  1.0

Action                   |  1- 3 |  4- 6 |  7- 9 | 10-12 | 13-15 || total
-------------------------+-------+-------+-------+-------+-------++-------
Melee: Dagger            |    42 |       |    21 |       |       ||    63
       Kick              |    15 |    39 |    90 |   221 |   140 ||   505
       Peck              |    17 |    28 |    67 |   121 |    97 ||   330
       Headbutt          |     1 |     1 |       |       |       ||     2
       Short sword       |    37 |   208 |   230 |       |       ||   475
       Long sword        |       |       |   118 |   516 |   119 ||   753
       Lajatang          |       |       |       |       |   117 ||   117
       Demon trident     |       |       |       |       |   148 ||   148
       Morningstar       |       |       |       |       |    10 ||    10
 Fire: Shortbow          |       |       |    16 |    12 |       ||    28
Throw: Stone             |       |       |     1 |       |     3 ||     4
 Cast: Beastly Appendage |    10 |     2 |       |       |       ||    12
 Abil: Fly               |       |     1 |       |       |       ||     1
       Evoke Invisibilit |       |       |       |     5 |     6 ||    11
Evoke: Wand              |       |       |       |    12 |     5 ||    17
       Lightning rod     |       |       |       |       |     2 ||     2
  Use: Scroll            |     3 |     3 |     6 |     7 |     4 ||    23
       Potion            |       |       |     3 |       |       ||     3
 Stab: Invisible         |       |       |       |     3 |    10 ||    13
       Petrified         |       |       |       |       |     7 ||     7
       Paralysed         |       |       |       |       |     6 ||     6
  Eat: Chunk             |     2 |     9 |    11 |    28 |    20 ||    70
       Ration            |       |       |     1 |     4 |     1 ||     6
Armor: Ring mail         |    19 |       |       |       |       ||    19
       Scale mail        |    12 |    31 |       |       |       ||    43
       Chain mail        |       |   128 |   147 |    18 |   188 ||   481
       Plate armour      |       |       |       |   278 |       ||   278
Dodge: Dodged            |    23 |   105 |   245 |   368 |   434 ||  1175
Block: Other             |       |       |       |    13 |    35 ||    48
       Reflection        |       |       |       |       |     6 ||     6
       Rpst.: Long sword |       |       |    29 |   104 |    33 ||   166

Table legend:
 A = Non-vault XP
 B = Vault XP
 C = Vault XP percentage of total XP
 D = Non-vault monster count
 E = Vault monster count
 F = Vault count percentage of total count
                 A         B        C        D         E       F
            +---------+---------+-------+---------+---------+-------
      Total |   32885 |   23457 |  41.6 |     330 |     140 |  29.8
            +---------+---------+-------+---------+---------+-------
        D:1 |      57 |       0 |   0.0 |      25 |       0 |   0.0
        D:2 |      98 |       0 |   0.0 |      23 |       0 |   0.0
        D:3 |     292 |      13 |   4.3 |      21 |       6 |  22.2
        D:4 |     368 |     191 |  34.2 |      13 |      10 |  43.5
        D:5 |     363 |     185 |  33.8 |      14 |       1 |   6.7
        D:6 |     855 |     409 |  32.4 |      23 |       1 |   4.2
        D:7 |    1383 |     643 |  31.7 |      27 |       2 |   6.9
        D:8 |     704 |       0 |   0.0 |       9 |       0 |   0.0
        D:9 |    1030 |    1489 |  59.1 |      19 |      16 |  45.7
       D:10 |    4136 |    1163 |  21.9 |      36 |      20 |  35.7
     Lair:1 |    2094 |     122 |   5.5 |      11 |      12 |  52.2
     Lair:2 |    3882 |    2031 |  34.3 |      17 |       6 |  26.1
     Lair:3 |    2000 |       0 |   0.0 |       8 |       0 |   0.0
     Lair:4 |    5763 |     196 |   3.3 |      21 |       1 |   4.5
     Lair:5 |    2830 |    2786 |  49.6 |      14 |      15 |  51.7
     Lair:6 |    4007 |    8255 |  67.3 |      12 |      17 |  58.6
      Orc:1 |    1493 |     847 |  36.2 |      26 |       1 |   3.7
      Orc:2 |    1530 |    5127 |  77.0 |      11 |      32 |  74.4
            +---------+---------+-------+---------+---------+-------
